 Dungeon Crawl Stone Soup version 0.26-a0-663-g36e8fdb655 (webtiles) character file.

Game seed: 10067920637004554165

116 grandjackal the Ducker (level 4, 0/35 HPs)
             Began as a Demonspawn Gladiator on Oct 11, 2020.
             Succumbed to an adder's poison
             ... on level 2 of the Dungeon.
             The game lasted 00:02:15 (2127 turns).

grandjackal the Ducker (Demonspawn Gladiator)       Turns: 2127, Time: 00:02:15

Health: 0/35       AC: 12    Str: 15    XL:     4   Next: 70%
Magic:  4/4        EV: 18    Int: 10    God:
Gold:   74         SH:  0    Dex: 14    Spells: 3/3 levels left

rFire    . . .     SeeInvis .   a - +0 long sword
rCold    . . .     Faith    .   (no shield)
rNeg     . . .     Spirit   .   b - +0 leather armour
rPois    .         Reflect  .   c - +0 helmet
rElec    .         Harm     .   k - +0 cloak
rCorr    .         Rampage  .   i - +0 pair of gloves
MR       .....                  (no boots)
Stlth    +.........             (no amulet)
HPRegen  0.11/turn              (no ring)
MPRegen  0.09/turn              (no ring)

@: agile, lethally poisoned (0 -> -3), sanguine armour
A: powered by pain 1, sanguine armour 1
a: no special abilities


You were on level 2 of the Dungeon.
You visited 1 branch of the dungeon, and saw 3 of its levels.

You collected 74 gold pieces.

Inventory:

Hand Weapons
 a - a +0 long sword (weapon)
Missiles
 d - 3 throwing nets (quivered)
Armour
 b - a +0 leather armour (worn)
 c - a +0 helmet (worn)
 i - a +0 pair of gloves (worn)
 k - a +0 cloak (worn)
Scrolls
 e - 2 scrolls of teleportation {unknown}
 f - 4 scrolls of identify {unknown}
 j - 2 scrolls of fog {unknown}
 l - a scroll of blinking {unknown}
Potions
 g - a potion of curing {unknown}
 h - a potion of might {unknown}


   Skills:
 + Level 3.2 Fighting
 + Level 3.6 Long Blades
 - Level 1.7 Throwing
 + Level 3.6 Dodging


You had 3 spell levels left.
You didn't know any spells.
Your spell library was empty.

Dungeon Overview and Level Annotations

Branches:
Dungeon (3/15)

Altars:


Innate Abilities, Weirdness & Mutations

You sometimes gain a little power by taking damage.
When seriously injured, your bleeding wounds create armour. (AC +6)


Message History

* * * LOW HITPOINT WARNING * * *
You focus on the pain.
You feel agile all of a sudden. The adder barely misses you.
You riposte.
You hit the adder.
The adder is almost dead.
You hit the adder.
The adder is almost dead.
* * * LOW HITPOINT WARNING * * *
You feel sick. The adder closely misses you.
You riposte.
You miss the adder.
The adder is almost dead.
Unknown command.
You barely miss the adder.
The adder is almost dead.
The adder completely misses you. The worm barely misses you.
You riposte.
You hit the worm.
The worm is heavily wounded.
The adder bites you but does no damage.
You barely miss the adder.
The adder is almost dead.
You die...

######### ######...)...#
#......#####.# #......# #.#
####......# #.# #.........#
#.########
##.........#####S#......#
................@#.####.#
..###....#.#####w#.#.##.# #.#
#....#.# #.#.#..#.# #.# #....#.#
#[#.#..#.# #.# #....#.#
#.#.#.<#.######## #.# #....#.#
#.#†#..#.##.....# #.###....#.#
#.#.##.#.##.###.# #....†...#.#
#.#....#..).# #.#
.........#.#####.#############.#


You could see a worm and an adder.

Vanquished Creatures
  An orc wizard (D:2)
  5 adders (D:2)
  2 oozes
  A worm (D:2)
  2 dart slugs (D:1)
  2 orcs (D:3)
  5 goblins
  3 hobgoblins
  A quokka (D:2)
  3 bats (D:1)
  3 frilled lizards (D:1)
  4 kobolds
  4 rats
36 creatures vanquished.

Notes
Turn   | Place    | Note
-------+----------+-------------------------------------------
     0 | D:1      | grandjackal the Demonspawn Gladiator began the quest for
                  | the Orb.
     0 | D:1      | Reached XP level 1. HP: 16/16 MP: 1/1
   224 | D:1      | Gained mutation: When seriously injured, your bleeding
                  | wounds create armour. (AC +6) [demonic ancestry]
   224 | D:1      | Reached XP level 2. HP: 23/23 MP: 2/2
  1000 | D:2      | Gained mutation: You sometimes gain a little power by
                  | taking damage. [demonic ancestry]
  1000 | D:2      | Reached XP level 3. HP: 25/28 MP: 3/3
  1213 | D:2      | Found a faded altar of an unknown god.
  1633 | D:2      | Reached XP level 4. HP: 27/34 MP: 4/4
  2125 | D:2      | HP: 1/35 [poisoned by an adder]
  2127 | D:2      | Succumbed to an adder's poison

Illustrated notes

Levels and vault maps discovered:
D:1:      wheals_arrival_shading, layout_basic, serial_co_window_serial,
          co_window_paths_a, co_window_paths_a, co_window_paths_b,
          co_window_paths_a, co_window_paths_b, co_window_paths_c,
          co_window_of_opportunity_b, co_window_broadway_a, co_window_4corner_a,
          co_window_4corner_b, glass_columns_c, glass_columns_b,
          minmay_misc_feat_secret_circle
D:2:      layout_basic, chequers_ecumenical_altar_simple_redux
D:3:      layout_loops_ring, lemuel_coloured_pillars_altar

Skill      XL: |  1  2  3  4 |
---------------+-------------+-----
Long Blades    | 3 |  3.6
Dodging        | 3 |  3.6
Fighting       | 3 |  3.2
Throwing       | |  1.7

Action                   |  1- 3 |  4- 6 || total
-------------------------+-------+-------++-------
Melee: Long sword        |    81 |    46 ||   127
 Stab: Sleeping          |     1 |       ||     1
Armor: Leather armour    |    30 |    27 ||    57
Dodge: Dodged            |    72 |    35 ||   107
       Rpst.: Long sword |    25 |    12 ||    37

Table legend: (Time is in decaauts)
 A = Elapsed time spent in this place.
 B = Non-inter-level travel time spent in this place.
 C = Inter-level travel time spent in this place.
 D = Time resting spent in this place.
 E = Time spent auto-exploring this place.
 F = Levels seen in this place.
 G = Mean time per level.
                   A        B        C        D        E       F      G
               +--------+--------+--------+--------+--------+-----+--------+
         Total |   2159 |   2123 |     36 |    487 |   1293 |   3 |  719.7 |
       Dungeon |   2159 |   2123 |     36 |    487 |   1293 |   3 |  719.7 |
               +--------+--------+--------+--------+--------+-----+--------+

Top non-repeatable levels by time:
     D:2: 1132 daAuts
     D:1: 995 daAuts
     D:3: 31 daAuts
